 Dungeon Crawl Stone Soup version 0.27-a0-1548-gf8a67e7463 (webtiles) character file.

Game seed: 12602815706575452652

565 Snikeer the Chiller (level 7, -3/50 HPs)
             Began as a Ghoul Ice Elementalist on July 13, 2021.
             Was an Initiate of Gozag.
             Slain by an ogre (17 damage)
             ... on level 5 of the Dungeon.
             The game lasted 00:11:15 (6047 turns).

Snikeer the Chiller (Ghoul Ice Elementalist)        Turns: 6047, Time: 00:11:16

Health: -3/50      AC:  4    Str: 12    XL:     7   Next: 32%
Magic:  7/13       EV: 12    Int: 12    God:    Gozag
Gold:   830        SH:  0    Dex:  9    Spells: 8/15 levels left

rFire    . . .     SeeInvis .   I - +0 hand axe (venom)
rCold    + . .     Faith    .   (no shield)
rNeg     + + +     Spirit   .   a - +0 robe
rPois    ∞         Reflect  .   (no helmet)
rElec    .         Harm     .   (no cloak)
rCorr    .         Rampage  .   j - +0 pair of gloves
Will     .....                  g - +0 pair of boots
Stlth    ++........             (no amulet)
HPRegen  0.00/turn              (no ring)
MPRegen  0.13/turn              (no ring)

@: freezing walls, very slightly contaminated
A: claws 1, cold resistance 1, negative energy resistance 3, inhibited
regeneration, torment resistance 2
a: Renounce Religion, Potion Petition, Call Merchant, Bribe Branch


You were on level 5 of the Dungeon.
You worshipped Gozag.
Gozag was pleased with you.
You visited 1 branch of the dungeon, and saw 5 of its levels.

You collected 830 gold pieces.

Inventory:

Hand Weapons
 I - a +0 hand axe of venom (weapon)
   (You took it off an orc priest on level 4 of the Dungeon)
Missiles
 i - 8 bolts
 l - 45 arrows
 s - 23 stones (quivered)
 F - 15 poisoned darts
Armour
 a - a +0 robe (worn)
 g - a +0 pair of boots (worn)
   (You found it on level 4 of the Dungeon)
 j - a +0 pair of gloves (worn)
   (You found it on level 2 of the Dungeon)
Magical Staves
 G - a staff of death {rN+}
   (You found it on level 4 of the Dungeon)
Scrolls
 b - 6 scrolls of identify {unknown}
 c - a scroll of brand weapon {unknown}
 d - a scroll of fear {unknown}
 f - 2 scrolls of teleportation {unknown}
 h - a scroll of enchant weapon {unknown}
 k - a scroll of amnesia {unknown}
 n - 2 scrolls of noise {unknown}
 o - a scroll of enchant armour {unknown}
Potions
 e - a potion of invisibility {unknown}
 m - a potion of resistance {unknown}
 u - a potion of magic {unknown}
 D - a potion of berserk rage {unknown}


   Skills:
 - Level 1.7 Dodging
 - Level 2.1 Stealth
 + Level 4.7 Spellcasting
 + Level 7.3 Ice Magic


You had 8 spell levels left.
You knew the following spells:

 Your Spells              Type           Power      Damage    Failure   Level
a - Freeze                Ice            80%        1d9       1%          1
b - Frozen Ramparts       Ice            40%        1d6       3%          3
A - Ozocubu's Armour      Ice            20%        N/A       3%          3

Your spell library contained the following spells:

 Spells                   Type           Power      Damage    Failure   Level
 Ensorcelled Hibernation  Hex/Ice        22%        N/A       7%          2
 Shock                    Conj/Air       8%         1d3       21%         1
 Hailstorm                Conj/Ice       11%        3d5       41%         4
 Swiftness                Air            2%         N/A       52%         3
 Airstrike                Air            1%         N/A       90%         4
 Shadow Creatures         Summ           N/A        N/A       100%        6
 Spider Form              Tmut/Pois      Unusable   N/A       N/A         3

Dungeon Overview and Level Annotations

Branches:
Dungeon (5/15)
 Temple: D:4-7

Altars:
Cheibriados
Gozag
Okawaru
Ru

Shops:
D:4 :


Innate Abilities, Weirdness & Mutations

You thrive by killing the living.
You are immune to poison.
You have sharp fingernails.
Your flesh is cold resistant. (rC+)
You are immune to negative energy. (rN+++)
You do not regenerate when monsters are visible.
You are immune to unholy pain and torment.


Message History

You now have 810 gold pieces (gained 5).
You see here a +0 spear.
You now have 823 gold pieces (gained 13).
A worm comes into view.
A water moccasin skeleton comes into view.
You can't go up here!
Okay, then.
Unknown command.
You hit the water moccasin skeleton.
The water moccasin skeleton bites you but does no damage.
You closely miss the water moccasin skeleton.
The water moccasin skeleton bites you. The water moccasin skeleton misses you.
You take 5 damage, and have 45/50 hp.
You hit the water moccasin skeleton.
The water moccasin skeleton bites you but does no damage.
The water moccasin skeleton closely misses you.
You barely miss the water moccasin skeleton.
The water moccasin skeleton bites you.
You take 1 damage, and have 44/50 hp.
You hit the water moccasin skeleton.
The water moccasin skeleton closely misses you. x2
You hit the water moccasin skeleton. The water moccasin skeleton bites you.
You take 4 damage, and have 40/50 hp.
You barely miss the water moccasin skeleton.
The water moccasin skeleton bites you. x2
You take 6 damage, and have 34/50 hp.
You barely miss the water moccasin skeleton.
The water moccasin skeleton closely misses you.
You hit the water moccasin skeleton. The water moccasin skeleton bites you.
The water moccasin skeleton barely misses you.
You take 2 damage, and have 32/50 hp.
You hit the water moccasin skeleton.
The water moccasin skeleton barely misses you.
The water moccasin skeleton bites you.
You take 2 damage, and have 30/50 hp.
You are too injured to fight recklessly!
You are too injured to fight recklessly!
You are too injured to fight recklessly!
You are too injured to fight recklessly!
You are too injured to fight recklessly!
You are too injured to fight recklessly!
You barely miss the water moccasin skeleton.
The water moccasin skeleton bites you.
You take 6 damage, and have 24/50 hp.
You hit the water moccasin skeleton.
The water moccasin skeleton barely misses you.
The water moccasin skeleton bites you.
You take 1 damage, and have 23/50 hp.
You hit the water moccasin skeleton.
The water moccasin skeleton bites you but does no damage.
You hit the water moccasin skeleton. The water moccasin skeleton bites you.
The water moccasin skeleton closely misses you.
You take 2 damage, and have 21/50 hp.
You hit the water moccasin skeleton.
The water moccasin skeleton closely misses you.
You closely miss the water moccasin skeleton.
The water moccasin skeleton misses you. x2
You hit the water moccasin skeleton.
You now have 826 gold pieces (gained 3).
A worm is nearby!
You regained 16 hp, and now have 38/50 hp.
MP restored: 13
Found a stone staircase leading down.
The worm barely misses you.
You hit the worm.
The worm is poisoned.
The worm closely misses you.
You hit the worm.
The worm looks even sicker.
You hit the worm.
The worm looks as sick as possible!
The worm closely misses you.
You hit the worm.
The worm looks as sick as possible!
No target in view!
No target in view!
You now have 830 gold pieces (gained 4).
m - a cyan potion Health restored: 50 An ogre comes into view.
It is wielding a +0 giant club.
There is a stone staircase leading down here.
An ogre is nearby!
An ogre is nearby!
The ogre shouts!
The ogre hits you with a +0 giant club!!
You take 18 damage, and have 32/50 hp.
MASSIVE DAMAGE!!
You barely miss the ogre.
The ogre hits you with a +0 giant club!!
* * * LOW HITPOINT WARNING * * *
You take 18 damage, and have 14/50 hp.
MASSIVE DAMAGE!!
You are too injured to fight recklessly!
Casting: Frozen Ramparts (dangerous; 3% risk of failure)
Confirm with . or Enter, or press ? or * to list all spells.
You miscast Ozocubu's Armour.
You are very lightly contaminated with residual magic.
Nothing appears to happen.
The ogre misses you.
You now have 10/13 mp.
Casting: Ozocubu's Armour (dangerous; 3% risk of failure)
Confirm with . or Enter, or press ? or * to list all spells.
The walls around you are covered in ice.
You now have 7/13 mp.
You are too injured to fight recklessly!
You hit the ogre but do no damage.
The ogre is poisoned.
The wall freezes the ogre.
The ogre hits you with a +0 giant club!
You die...
Your body crumbles into a pile of gold.

##............#..#
##...............
######...........
#..####.#..###
#..## #....# #...#
###..w #.#.#
####>#...
#O@..####..
#....#### ...
#.### .. #. .


You could see an ogre (very poisoned).

Vanquished Creatures
  A sky beast (D:4)
  A scorpion (D:4)
  A bullfrog (D:4)
  A water moccasin skeleton (D:5)
  A gnoll shaman (D:5)
  A hound (D:4)
  3 orc priests
  3 gnolls (D:5)
  2 adders
  2 adder skeletons (D:4)
  3 worms
  3 dart slugs
  5 orcs
  5 endoplasms
  4 giant cockroaches
  7 goblins
  6 hobgoblins
  7 jackals
  2 quokkas
  9 ball pythons
  8 bats
  3 frilled lizards
  9 kobolds
  6 rats
93 creatures vanquished.

Notes
Turn   | Place    | Note
-------+----------+-------------------------------------------
     0 | D:1      | Snikeer the Ghoul Ice Elementalist began the quest for the
                  | Orb.
     0 | D:1      | Reached XP level 1. HP: 14/14 MP: 2/2
   155 | D:1      | Found a faded altar of an unknown god.
   155 | D:1      | Noticed a great orb of eyes
   165 | D:1      | Reached skill level 2 in Spellcasting
   216 | D:1      | Noticed an eye of devastation
   224 | D:1      | Reached XP level 2. HP: 20/20 MP: 2/4
   427 | D:1      | Noticed a golden eye
   427 | D:1      | Noticed a great orb of eyes
   450 | D:1      | Became a worshipper of Gozag Ym Sagoz the Greedy
   958 | D:1      | Reached XP level 3. HP: 22/26 MP: 2/5
  1066 | D:1      | Learned a level 3 spell: Frozen Ramparts
  1174 | D:1      | Reached skill level 5 in Ice Magic
  2392 | D:2      | Reached XP level 4. HP: 29/33 MP: 0/7
  2740 | D:3      | Found an iron altar of Okawaru.
  2803 | D:3      | Learned a level 3 spell: Ozocubu's Armour
  3094 | D:3      | Reached skill level 3 in Spellcasting
  3730 | D:3      | Reached XP level 5. HP: 19/38 MP: 5/8
  3933 | D:4      | Found an opulent altar of Gozag.
  4019 | D:4      | Noticed a sky beast
  4041 | D:4      | Killed a sky beast
  4042 | D:4      | Reached skill level 6 in Ice Magic
  4042 | D:4      | Reached XP level 6. HP: 32/45 MP: 5/10
  4191 | D:4      | Reached skill level 4 in Spellcasting
  4799 | D:4      | Reached skill level 7 in Ice Magic
  4799 | D:4      | Reached XP level 7. HP: 19/50 MP: 10/12
  5058 | D:4      | Found Kualom's Book Shoppe.
  5296 | D:4      | Found a sacrificial altar of Ru.
  5420 | D:4      | Found a snail-covered altar of Cheibriados.
  5676 | D:5      | Entered Level 5 of the Dungeon
  6047 | D:5      | Slain by an ogre

Illustrated notes

Levels and vault maps discovered:
D:1:      lemuel_arrival_muddy, layout_loops_cross,
          hellmonk_ecumenical_altar_watching_god
D:2:      layout_basic
D:3:      layout_loops_ring, mainiacjoe_overflow_alcove_1
D:4:      layout_cave_pods, mainiacjoe_overflow_alcove_4,
          cheibrodos_worm_habitat, amcnicky_altar_gilded, serial_shops, shop
D:5:      minmay_razor_zed, layout_rooms

Skill      XL: |  1  2  3  4  5  6 |
---------------+-------------------+-----
Spellcasting   | 2 3 4 |  4.7
Ice Magic      | 5 6 7 |  7.3
Dodging        | |  1.7
Stealth        | |  2.1

Action                   |  1- 3 |  4- 6 |  7- 9 || total
-------------------------+-------+-------+-------++-------
Melee: Unarmed           |   114 |   136 |       ||   250
       Club              |     9 |       |       ||     9
       Hand axe          |       |    24 |    44 ||    68
 Cast: Freeze            |    31 |     6 |     2 ||    39
       Frozen Ramparts   |     1 |     6 |     3 ||    10
       Ozocubu's Armour  |       |     1 |     1 ||     2
 Stab: Sleeping          |     3 |     2 |       ||     5
Armor: Robe              |    26 |    34 |    13 ||    73
Dodge: Dodged            |   104 |   107 |    36 ||   247

Table legend: (Time is in decaauts)
 A = Elapsed time spent in this place.
 B = Non-inter-level travel time spent in this place.
 C = Inter-level travel time spent in this place.
 D = Time resting spent in this place.
 E = Time spent auto-exploring this place.
 F = Levels seen in this place.
 G = Mean time per level.
                   A        B        C        D        E       F      G
               +--------+--------+--------+--------+--------+-----+--------+
         Total |   6087 |   5760 |    327 |      0 |   4871 |   5 | 1217.4 |
       Dungeon |   6087 |   5760 |    327 |      0 |   4871 |   5 | 1217.4 |
               +--------+--------+--------+--------+--------+-----+--------+

Top non-repeatable levels by time:
     D:4: 1816 daAuts
     D:1: 1465 daAuts
     D:3: 1239 daAuts
     D:2: 1188 daAuts
     D:5: 378 daAuts

Table legend:
 A = Kills in this place as a percentage of kills in entire the game.
 B = Kills by you in this place as a percentage of kills by you in the entire game.
 C = Kills by friends in this place as a percentage of kills by friends in the entire game.
 D = Other kills in this place as a percentage of other kills in the entire game.
 E = Experience gained in this place as a percentage of experience gained in the entire game.
 F = Experience gained in this place divided by the number of levels of this place that you have seen.
                   A       B       C       D       E      F
               +-------+-------+-------+-------+-------+----------------------
         Total | 100.0 | 100.0 |   N/A |   N/A | 100.0 | 161.6
       Dungeon | 100.0 | 100.0 |   N/A |   N/A | 100.0 | 161.6
               +-------+-------+-------+-------+-------+----------------------
